 Seeded DCSS version 0.30.1 (webtiles) character file.

Game seed: 7229806256980976716 (custom seed)

47814 McKennaii the Devastator (level 13, -7/86 HPs)
             Began as a Demigod Conjurer on July 12, 2023.
             Shot with an arrow by a centaur (8 damage)
             ... led by a centaur warrior
             ... on level 15 of the Dungeon.
             The game lasted 00:24:34 (26568 turns).

McKennaii the Devastator (Demigod Conjurer)        Turns: 26568, Time: 00:24:35

Health: -7/86      AC:  8    Str: 14    XL:     13   Next: 73%
Magic:  28/37      EV: 11    Int: 46    God:
Gold:   2137       SH: 10    Dex: 12    Spells: 31/41 levels left

rFire   . . .        r - staff of earth
rCold   + + .        U - +2 buckler
rNeg    + . .        a - +0 robe of the King of the Hill {rC+ Int+3 SInv}
rPois   +            (no helmet)
rElec   .            V - +0 cloak
rCorr   +            e - +2 pair of gloves of Qoivud {rPois rC+ Int+2}
SInv    +            P - +1 pair of boots
Will    +....        g - amulet "Diuj" {Reflect Str+6 Int+5 SH+5}
Stlth   ++           I - ring of positive energy
HPRegen 0.34/turn    O - ring of resist corrosion
MPRegen 0.25/turn

%: reflection
@: no status effects
A: high MP 1, forlorn, divine attributes
a: no special abilities


You were on level 15 of the Dungeon.
You visited 1 branch of the dungeon, and saw 15 of its levels.
You also visited: Ossuary and Bailey.

You collected 2389 gold pieces.
You spent 252 gold pieces at shops.

Inventory:

Hand Weapons
 M - the +8 trident "Idaugra" {freeze, Stlth+}
   (You found it on level 7 of the Dungeon)

   Stlth:     It makes you more stealthy.
Missiles
 c - 2 throwing nets
Armour
 a - the +0 robe of the King of the Hill (worn) {rC+ Int+3 SInv}
   (You found it on level 13 of the Dungeon)

   Int:       It affects your intelligence (+3).
   rC:        It protects you from cold.
   SInv:      It lets you see invisible.
 e - the +2 pair of gloves of Qoivud (worn) {rPois rC+ Int+2}
   (You acquired it on level 1 of the Dungeon)

   Int:       It affects your intelligence (+2).
   rC:        It protects you from cold.
   rPois:     It protects you from poison.
 P - a +1 pair of boots (worn)
 T - +0 acid dragon scales
 U - a +2 buckler (worn)
 V - a +0 cloak (worn)
Magical Staves
 r - a staff of earth (weapon)
Jewellery
 g - the amulet "Diuj" (around neck) {Reflect Str+6 Int+5 SH+5}
   (You acquired it on level 1 of the Dungeon)

   [amulet of reflection]

   It reflects blocked missile attacks.
   Str:       It affects your strength (+6).
   Int:       It affects your intelligence (+5).
   SH:        It affects your SH (+5).
 I - a ring of positive energy (left hand)
 O - a ring of resist corrosion (right hand)
Wands
 R - a wand of charming (27)
 S - a wand of digging (3)
Scrolls
 d - 4 scrolls of amnesia
 f - 4 scrolls of teleportation
 i - 5 scrolls of blinking
 k - 2 scrolls of enchant armour
 p - 3 scrolls of poison
 s - 8 scrolls of vulnerability
 u - 5 scrolls of magic mapping
 v - a scroll of acquirement
 w - 2 scrolls of fog
 y - 4 scrolls of silence
 A - a scroll of butterflies {unknown}
 C - 3 scrolls of brand weapon {unknown}
 F - 2 scrolls of torment {unknown}
 G - 6 scrolls of immolation {unknown}
 H - 5 scrolls of enchant weapon {unknown}
 J - 3 scrolls of fear {unknown}
 N - a scroll of identify
 Q - 2 scrolls of noise {unknown}
Potions
 b - 2 potions of magic
 h - 5 potions of mutation
 j - a potion of haste
 l - 5 potions of might
 m - 6 potions of brilliance
 n - 2 potions of invisibility
 o - 10 potions of curing
 q - 2 potions of cancellation
 t - 4 potions of attraction
 x - 2 potions of ambrosia
 z - a potion of berserk rage
 B - 4 potions of flight {unknown}
 D - 4 potions of lignification {unknown}
 E - 10 potions of heal wounds
 K - a potion of resistance {unknown}
 L - a potion of experience


   Skills:
 - Level 1.7 Dodging
 - Level 1.7 Stealth
 + Level 14.9 Spellcasting
 + Level 16.4 Conjurations


You had 31 spell levels left.
You knew the following spells:

 Your Spells              Type           Power      Damage    Failure   Level
a - Magic Dart            Conj           100%       1d8       0%          1
b - Searing Ray           Conj           100%       2d8       0%          2
c - Iskenderun's Mystic   Conj/Tloc      83%        2d16      1%          4
d - Stone Arrow           Conj/Erth      100%       3d13      1%          3

Your spell library contained the following spells:

 Spells                   Type           Power      Damage    Failure   Level
 Kiss of Death            Conj/Necr      100%       2d13      1%          1
 Sandblast                Erth           100%       2d20      1%          1
 Blink                    Tloc           68%        N/A       1%          2
 Cigotuvi's Dreadful Rot  Necr/Pois/Air  68%        N/A       1%          2
 Ensorcelled Hibernation  Hex/Ice        68%        N/A       1%          2
 Lesser Beckoning         Tloc           68%        N/A       1%          2
 Momentum Strike          Conj/Tloc      100%       3d10      1%          2
 Passwall                 Tmut/Erth      42%        N/A       1%          2
 Poisonous Vapours        Pois/Air       68%        N/A       1%          2
 Dazzling Flash           Conj/Hex       100%       N/A       1%          3
 Mephitic Cloud           Conj/Pois/Air  71%        N/A       1%          3
 Flame Wave               Conj/Fire      83%        2d18      1%          4
 Fulminant Prism          Conj/Hex       41%        3d19      1%          4
 Sticky Flame             Conj/Fire      83%        2d9       1%          4
 Freezing Cloud           Conj/Ice/Air   35%        6-21      2%          5
 Confusing Touch          Hex            34%        N/A       3%          3
 Inner Flame              Hex/Fire       34%        N/A       3%          3
 Swiftness                Air            34%        N/A       3%          3
 Dispel Undead            Necr           34%        3d15      10%         4
 Petrify                  Tmut/Erth      51%        N/A       10%         4
 Agony                    Necr           34%        N/A       26%         5
 Metabolic Englaciation   Hex/Ice        17%        N/A       26%         5
 Silence                  Hex/Air        17%        N/A       26%         5
 Summon Forest            Summ/Tloc      17%        N/A       26%         5
 Death Channel            Necr           17%        N/A       83%         6
 Eringya's Noxious Bog    Tmut/Pois      17%        N/A       83%         6
 Statue Form              Tmut/Erth      34%        N/A       83%         6
 Summon Hydra             Summ           17%        N/A       100%        7


Dungeon Overview and Level Annotations

Branches:
Dungeon (15/15)            Temple (0/1) D:4            Lair (0/5) D:11
    Orc (0/2) D:12         Vaults (0/5) D:13        Ossuary (visited)
 Bailey (visited)
 Depths: D:15

Shops:
D:6 :   D:10 :

Portals:
Trove: D:12 (give 13 potions of heal wounds)


Innate Abilities, Weirdness & Mutations

You have an increased reservoir of magic. (+10% MP)
You shall have no god before yourself.
Your divine heritage dramatically boosts your attributes as you level up.


Message History

The centaur shouts!
The centaur wields a +0 shortbow.
The centaur shoots an arrow.
The arrow hits you.
The centaur warrior shoots an arrow.
You block the arrow with an invisible shield... and reflect it back!
The arrow hits the centaur warrior.
The centaur shoots an arrow.
The arrow closely misses you.
A deep elf pyromancer comes into view. It is wielding a +0 dagger.
The deep elf pyromancer shouts!
Unknown command.
Casting: Stone Arrow (safe; 1% risk of failure)
Confirm with . or Enter, or press ? or * to list all spells.
Aiming: Stone Arrow (safe; 1% risk of failure)
Press: ? - help, Shift-Dir - straight line, f/p - centaur warrior
Aim: a centaur warrior, wielding a +0 shortbow (lightly wounded, 84% to hit)
You feel a surge of power!
The stone arrow hits the centaur warrior!!
The centaur warrior is heavily wounded.
You hear a shout!
The centaur warrior shoots an arrow.
The arrow hits you!
The centaur wields a +0 shortbow.
The centaur shoots an arrow.
You block the arrow with an invisible shield... and reflect it back!
The arrow hits the centaur.
The centaur shoots an arrow.
The arrow hits you.
The centaur warrior shoots an arrow.
The arrow hits you!
* * * LOW HITPOINT WARNING * * *
The centaur shoots an arrow.
The arrow misses you.
The centaur shoots an arrow.
The arrow closely misses you.
The centaur shoots an arrow.
The arrow hits you.
* * * LOW HITPOINT WARNING * * *
Unknown command.
Casting: Stone Arrow (safe; 1% risk of failure)
Confirm with . or Enter, or press ? or * to list all spells.
Aiming: Stone Arrow (safe; 1% risk of failure)
Press: ? - help, Shift-Dir - straight line, f/p - centaur warrior
Aim: a centaur warrior, wielding a +0 shortbow (heavily wounded, 84% to hit)
You feel a surge of power!
The stone arrow hits the centaur warrior!!
The centaur warrior is almost dead.
The centaur warrior shoots an arrow.
The arrow hits you!
* * * LOW HITPOINT WARNING * * *
The centaur shoots an arrow.
The arrow hits you!
You die... .......... e....... ....... .cc.. #..... #.#### cccc

#..... #.#..###..
#..... #.#....#.#
#..... #.#....#@#
#..... #.#....#.#
#..... #.#....#.#
####.....
#.#'####.#####
#........
#########............#
#........
...............#####.+
#........
...............#
#.#+##........
...............#
#.............
......#'######.#
#...........##


You could see a centaur warrior, a deep elf pyromancer and 5 centaurs.

Vanquished Creatures
  An ironbound preserver (D:13)
  An orc warlord (Bailey)
  Josephine (D:15)
  3 hydras
  Erolcha (D:11)
  2 catoblepae
  5 boulder beetles
  8 centaur warriors
  4 two-headed ogres
  Urug (D:13)
  Lodul (D:11)
  An orc knight (Bailey)
  A deep elf pyromancer (D:14)
  8 ugly things
  A wizard (D:15)
  A cyclops (D:15)
  3 manticores
  Maurice (D:11)
  2 gargoyles (D:10)
  An unseen horror (shapeshifter) (D:14)
  An efreet (D:15)
  An unseen horror (D:13)
  3 komodo dragons
  2 tengu conjurers (D:15)
  3 trolls
  17 slime creatures
  4 shadows
  2 vampires
  8 spriggans (D:10)
  11 wraiths
  29 yaks
  4 wyverns
  2 humans (D:12)
  A human (shapeshifter) (D:14)
  8 vampire mosquitoes
  2 acid dragons (D:10)
  2 water moccasins (D:8)
  21 orc warriors
  3 black bears
  2 hornet zombies (Ossuary)
  2 ice beasts
  A sky beast (D:6)
  9 ogres
  7 centaurs
  2 kobold brigands
  The ghost of bencef the Grave Robber, an amateur DENe of Fedhas (D:3)
  6 bullfrogs
  A gnoll sergeant (D:7)
  6 scorpions
  3 wyvern zombies
  2 water moccasin zombies (Ossuary)
  7 wights
  12 killer bees
  A howler monkey (D:6)
  5 electric eels (D:6)
  3 bullfrog zombies (Ossuary)
  2 centaur zombies (Ossuary)
  A gnoll bouda (D:6)
  2 jellies
  2 bullfrog skeletons (D:3)
  12 orc priests
  3 hounds
  An iguana (D:6)
  2 sleepcaps
  7 orc wizards
  3 killer bee zombies (Ossuary)
  16 mummies
  2 howler monkey zombies (Ossuary)
  14 gnolls
  A howler monkey skeleton (D:3)
  9 adders
  2 shadow imps
  2 white imps (D:8)
  2 ufetubi
  3 worms
  47 orcs
  4 endoplasms
  6 giant cockroaches
  18 goblins
  15 hobgoblins
  20 jackals
  10 kobolds
  4 quokkas
  5 ball pythons
  5 bats
  A frilled lizard (D:1)
  A goblin zombie (D:4)
  An orc zombie (D:4)
  4 rats
468 creatures vanquished.

Notes
Turn   | Place    | Note
-------+----------+-------------------------------------------
     0 | D:1      | McKennaii the Demigod Conjurer began the quest for the Orb.
     0 | D:1      | Reached XP level 1. HP: 14/14 MP: 5/5
   136 | D:1      | Identified 3 scrolls of acquirement
   136 | D:1      | Acquired the amulet "Diuj" {Reflect Str+6 Int+5 SH+5}
   138 | D:1      | Acquired the +2 pair of gloves of Qoivud {rPois rC+ Int+2}
   139 | D:1      | Acquired 877 gold pieces
   333 | D:1      | Reached XP level 2. HP: 20/20 MP: 2/7
   471 | D:1      | Reached skill level 4 in Conjurations
  1059 | D:2      | Learned a level 2 spell: Searing Ray
  1241 | D:2      | Reached XP level 3. HP: 26/26 MP: 4/9
  1907 | D:2      | Reached XP level 4. HP: 33/33 MP: 6/11
  1912 | D:2      | Learned a level 4 spell: Iskenderun's Mystic Blast
  2591 | D:3      | Found a runed translucent gate.
  2591 | D:3      | Found a runed translucent gate.
  2591 | D:3      | Found a runed translucent gate.
  2599 | D:3      | Noticed bencef's ghost (amateur DENe)
  3216 | D:4      | Reached skill level 5 in Conjurations
  3216 | D:4      | Reached XP level 5. HP: 38/38 MP: 3/13
  3413 | D:4      | Found a sand-covered staircase.
  3490 | Ossuary  | Entered an ossuary
  3610 | Ossuary  | Reached XP level 6. HP: 41/45 MP: 6/15
  3849 | Ossuary  | Reached skill level 6 in Conjurations
  3934 | Ossuary  | Reached XP level 7. HP: 28/50 MP: 7/17
  3948 | Ossuary  | Reached skill level 5 in Spellcasting
  4426 | Ossuary  | Reached skill level 7 in Conjurations
  4959 | D:4      | Found a staircase to the Ecumenical Temple.
  5016 | D:4      | Reached XP level 8. HP: 55/57 MP: 15/20
  5584 | D:5      | Entered Level 5 of the Dungeon
  5634 | D:3      | Killed bencef's ghost
  6761 | D:6      | Reached skill level 8 in Conjurations
  7774 | D:6      | Found Xixtot's Book Boutique.
  7784 | D:6      | Bought a book of Geomancy for 252 gold pieces
  7788 | D:6      | Learned a level 3 spell: Stone Arrow
  7816 | D:6      | Reached XP level 9. HP: 62/62 MP: 17/24
  7959 | D:6      | Reached skill level 9 in Conjurations
  8771 | D:7      | Found a flagged portal.
  8810 | Bailey   | Entered a bailey
  9416 | Bailey   | Reached skill level 10 in Conjurations
  9995 | Bailey   | Identified the +0 chain mail of Saogadd {rC+ rN+++ Str+2
                  | Int-2}
 10005 | Bailey   | Noticed an orc warlord
 10008 | Bailey   | Noticed an orc knight
 10073 | Bailey   | Killed an orc knight
 10074 | Bailey   | Reached XP level 10. HP: 69/69 MP: 14/27
 10214 | Bailey   | Killed an orc warlord
 10737 | D:7      | Identified the +8 trident "Idaugra" {freeze, Stlth+}
 10787 | D:7      | Reached skill level 11 in Conjurations
 12153 | D:8      | Reached skill level 10 in Spellcasting
 13448 | D:9      | Noticed a two-headed ogre
 13489 | D:9      | Killed a two-headed ogre
 14023 | D:9      | Reached skill level 12 in Conjurations
 14024 | D:9      | Reached XP level 11. HP: 67/74 MP: 2/30
 14251 | D:9      | Identified the +7 battleaxe of Sustre {heavy, Str+5}
 14542 | D:10     | Entered Level 10 of the Dungeon
 15170 | D:10     | Found Ycypaut's Book Shoppe.
 15233 | D:10     | Noticed a two-headed ogre
 15239 | D:10     | Killed a two-headed ogre
 15726 | D:10     | Reached skill level 13 in Conjurations
 16773 | D:11     | Noticed a boulder beetle
 16784 | D:11     | Killed a boulder beetle
 16890 | D:11     | Noticed Lodul
 17062 | D:11     | Noticed Erolcha
 17079 | D:11     | Killed Erolcha
 17079 | D:11     | Killed Lodul
 17083 | D:11     | Noticed Maurice
 17220 | D:11     | Killed Maurice
 17345 | D:11     | Reached XP level 12. HP: 81/81 MP: 26/33
 18046 | D:11     | Found a staircase to the Lair.
 18140 | D:11     | Reached skill level 14 in Conjurations
 19542 | D:12     | Noticed a centaur warrior
 19548 | D:12     | Killed a centaur warrior
 20022 | D:12     | Found a staircase to the Orcish Mines.
 20601 | D:12     | Found a portal to a secret trove of treasure.
 21415 | D:13     | Noticed a boulder beetle
 21426 | D:13     | Killed a boulder beetle
 21547 | D:13     | Noticed a boulder beetle
 21561 | D:13     | Killed a boulder beetle
 21691 | D:13     | Noticed Urug
 21695 | D:13     | Noticed a centaur warrior
 21697 | D:13     | Noticed a centaur warrior
 21700 | D:13     | Killed a centaur warrior
 21701 | D:13     | Reached skill level 15 in Conjurations
 21702 | D:13     | Killed Urug
 21712 | D:13     | Noticed a centaur warrior
 21858 | D:13     | Killed a centaur warrior
 21939 | D:13     | Killed a centaur warrior
 22022 | D:13     | Noticed a four-headed hydra
 22026 | D:13     | Noticed a boulder beetle
 22089 | D:13     | Reached XP level 13. HP: 86/86 MP: 25/35
 22421 | D:13     | Noticed an ironbound preserver
 22432 | D:13     | Killed an ironbound preserver
 22870 | D:13     | Found a gate to the Vaults.
 23412 | D:13     | Identified the +0 robe of the King of the Hill {rC+ Int+3
                  | SInv}
 24589 | D:13     | Reached skill level 16 in Conjurations
 25295 | D:15     | Entered Level 15 of the Dungeon
 25517 | D:15     | Identified the +4 rapier of the Bouncing Spines {flame,
                  | Will+ Int+4}
 26228 | D:15     | Noticed Josephine
 26238 | D:15     | Killed Josephine
 26568 | D:15     | HP: 1/86 [centaur warrior/arrow (16)]
 26568 | D:15     | Shot with an arrow by a centaur

Illustrated notes

Levels and vault maps discovered:
D:1:      spicycebolla_arrival_ecumenical, layout_loops_ring
D:2:      layout_basic
D:3:      layout_rooms, mainiacjoe_overflow_paths, gammafunk_ghost_necromancy
D:4:      layout_rooms, tso_metal_star, mainiacjoe_overflow_catwalk,
          elyvilon_altar_5, minmay_temple_entry_stoned_glass,
          nicolae_ossuary_entry_giza, minmay_misc_feat_square, minivault_4
D:5:      layout_basic
D:6:      kennysheep_six_static_rooms, layout_basic, serial_shops,
          nicolae_shop_stone, serial_bayou_lagoon_b
D:7:      layout_basic, enter_bailey_2
D:8:      minmay_recursive_quarters, layout_layer_cave
D:9:      layout_gridville, trog_book
D:10:     kb_forest_paths, layout_basic,
          nicolae_gozag_cash_rules_everything_around_me, serial_shops, shop,
          minmay_tree_intersection, kennysheep_path_1
D:11:     layout_loops_ring, grunt_lair_entry_orc_guard_hut, uniq_lodul,
          uniq_erolcha, uniq_maurice
D:12:     layout_roguey, erik_orc_3, nicolae_trove_entry_diagonal,
          okawaru_humans
D:13:     layout_roguey, skrybe_vaults_entry_preservation, uniq_urug
D:14:     layout_basic, yredelemnul_altar_generic,
          nicolae_uskayaw_murder_on_the_dancefloor
D:15:     grunt_enter_depths_snipers, layout_irregular_city, uniq_josephine

Skill      XL: |  1  2  3  4  5  6  7  8  9 10 11 12 13 |
---------------+----------------------------------------+-----
Spellcasting   | 2 3 4 6 7 9 10 12 13 14 | 14.9
Conjurations   | 4 5 6 7 8 10 12 13 15 16 | 16.4
Dodging        | |  1.7
Stealth        | |  1.7

Action                     |  1- 3 |  4- 6 |  7- 9 | 10-12 | 13-15 || total
---------------------------+-------+-------+-------+-------+-------++-------
  Melee: Unarmed           |    37 |       |       |       |       ||    37
         Staff             |       |    38 |    32 |    72 |     8 ||   150
         Punch             |       |     1 |     1 |     2 |       ||     4
         Trident           |       |       |       |     1 |     3 ||     4
   Cast: Magic Dart        |    81 |    72 |   151 |       |       ||   304
         Searing Ray       |     1 |    21 |    38 |    12 |       ||    72
         Stone Arrow       |       |       |    87 |   378 |   155 ||   620
         Iskenderun's Myst |       |       |     6 |    55 |    31 ||    92
    Use: Scroll            |     3 |       |     8 |    10 |     5 ||    26
         Potion            |       |       |       |       |     1 ||     1
 Armour: Robe              |    17 |    19 |    24 |    29 |     8 ||    97
         Acid dragon scale |       |       |       |    48 |    12 ||    60
  Dodge: Dodged            |    35 |    41 |    50 |   133 |    19 ||   278
  Block: Other             |    14 |    11 |    18 |    22 |       ||    65
         Reflection        |       |       |       |    13 |     9 ||    22
         Buckler           |       |       |       |    99 |    24 ||   123
